AoeStats
← Galoppus2

Arabia

509426971Analyzed
1v1 RM · 5d ago on Sep 26, 2026· 48m 49s· 2 players
Game mode
Random Map
Map size
Tiny (2 player)
Population
200
Speed
Normal
Resources
Standard
Victory
Conquest
Starting age
Dark Age
Ending age
Imperial Age
RankedLock teamsTeams togetherTeam positionsShared explorationLock speedFull tech treeHidden civsTurbo modeCheats
Victory
Defeat
🇩🇪 Saxons · Germany
1306
+15
🇷🇺 Varangians · Russia
1293
-15
nemik
11:02 Feudal Age
9:31 Loom
16:19 Castle Age
16:05 Scale Barding Armor
16:11 Forging
22:48 Double-Bit Axe
26:43 Bloodlines
27:37 Forging
28:26 Chain Barding Armor
35:27 Horse Collar
39:26 Iron Casting
38:56 Husbandry
41:34 Wheelbarrow
44:39 Hand Cart
44:09 Town Watch
45:11 Squires
45:13 Scale Mail Armor
45:04 Arson
46:13 Bow Saw
47:11 Chain Mail Armor
Galoppus2
6:46 Loom
9:48 Feudal Age
9:53 Man-at-Arms
13:18 Double-Bit Axe
15:47 Arson
21:14 Castle Age
19:21 Fletching
19:33 Padded Archer Armor
21:23 Gold Mining
21:33 Horse Collar
21:25 Crossbowman
22:16 Bodkin Arrow
32:00 Wheelbarrow
32:49 Thumb Ring
33:22 Leather Archer Armor
36:12 Ballistics
42:00 Imperial Age
39:17 Town Watch
42:21 Bloodlines
42:12 Husbandry
42:54 Bow Saw
42:59 Cranequins
43:41 Onager
44:58 Bracer
47:20 Chemistry
47:25 Conscription
48:58 Gold Shaft Mining
48:14 Stone Mining
Connection lost

Rejoining the realm…

Still unreachable

The connection could not be restored.

Session expired

The server has moved on; the page needs a fresh start.